 Dungeon Crawl Stone Soup version 0.26.1-11-gd32895ea62 (webtiles) character file.

Game seed: 313913427940513664

67 vvl the Conjurer (level 4, -1/33 HPs)
             Began as a Draconian Conjurer on July 8, 2021.
             Slain by an iguana (6 damage)
             ... on level 3 of the Dungeon.
             The game lasted 00:03:33 (1760 turns).

vvl the Conjurer (Draconian Conjurer)               Turns: 1760, Time: 00:03:33

Health: -1/33      AC:  6    Str: 11    XL:     4   Next: 0%
Magic:  1/7        EV: 12    Int: 18    God:
Gold:   153        SH:  0    Dex:  9    Spells: 7/8 levels left

rFire    . . .     SeeInvis .   i - +0 whip
rCold    . . .     Faith    .   (no shield)
rNeg     . . .     Spirit   .   (armour unavailable)
rPois    .         Reflect  .   (helmet restricted)
rElec    .         Harm     .   (no cloak)
rCorr    .         Rampage  .   c - +0 pair of gloves
Will     .....                  (no boots)
Stlth    ++........             g - amulet of magic regeneration
HPRegen  0.11/turn              (no ring)
MPRegen  0.35/turn              (no ring)

@: no status effects
A: unfitting armour, cold-blooded, AC +5
a: no special abilities


You were on level 3 of the Dungeon.
You visited 1 branch of the dungeon, and saw 3 of its levels.

You collected 153 gold pieces.

Inventory:

Hand Weapons
 i - a +0 whip (weapon)
Armour
 c - a +0 pair of gloves (worn)
Jewellery
 g - an amulet of magic regeneration (around neck)
Scrolls
 a - 2 scrolls of remove curse {unknown}
 b - 3 scrolls of identify {unknown}
 d - a scroll of amnesia {unknown}
 e - a scroll of noise {unknown}
 f - a scroll of enchant armour {unknown}
 h - 2 scrolls of fear {unknown}
 m - a scroll of fog {unknown}
Potions
 j - a potion of lignification {unknown}
 k - a potion of magic {unknown}
 l - a potion of degeneration {unknown}
 n - a potion of cancellation {unknown}


   Skills:
 + Level 2.4 Dodging
 + Level 2.5 Stealth
 + Level 2.5 Spellcasting
 + Level 4.4 Conjurations


You had 7 spell levels left.
You knew the following spells:

 Your Spells              Type           Power        Failure   Level
a - Magic Dart            Conj           72%          2%          1

Your spell library contained the following spells:

 Spells                   Type           Power        Failure   Level
 Searing Ray              Conj           36%          4%          2
 Dazzling Flash           Conj/Hex       20%          21%         3
 Fulminant Prism          Conj/Hex       5%           56%         4
 Iskenderun's Mystic Bla  Conj/Tloc      10%          56%         4


Dungeon Overview and Level Annotations

Branches:
Dungeon (3/15)

Altars:


Innate Abilities, Weirdness & Mutations

Your plain brown scales are hard. (AC +5)
You cannot fit into any form of body armour.
You are cold-blooded and may be slowed by cold attacks.


Message History

Confirm with . or Enter, or press ? or * to list all spells.
Aiming: Magic Dart (safe; 2% risk of failure)
Press: ? - help, Shift-Dir - straight line, f/p - iguana
Aim: an iguana (heavily wounded, 0% to evade)
The magic dart hits the iguana but does no damage.
The iguana is heavily wounded.
The iguana closely misses you.
Unknown command.
Casting: Magic Dart (safe; 2% risk of failure)
Confirm with . or Enter, or press ? or * to list all spells.
Aiming: Magic Dart (safe; 2% risk of failure)
Press: ? - help, Shift-Dir - straight line, f/p - iguana
Aim: an iguana (heavily wounded, 0% to evade)
The magic dart hits the iguana.
The iguana is severely wounded.
The iguana misses you.
You hit the iguana but do no damage.
The iguana is severely wounded.
The iguana bites you.
You die...

.......
.......
.......
....... .
..... ...
..>
###..#l##
.!.....@#
..........#
...........#
...........#
....#...#..#
###.#####..#
. ..# . +##


You could see an iguana.

Vanquished Creatures
  Ijyb (D:3)
  An adder (D:2)
  A dart slug (D:1)
  2 leopard geckos
  2 giant cockroaches
  2 goblins (D:2)
  5 hobgoblins
  2 jackals (D:2)
  A ball python (D:2)
  2 bats (D:2)
  3 frilled lizards
  5 kobolds
  A quokka zombie (D:2)
  3 rats
31 creatures vanquished.

Notes
Turn   | Place    | Note
-------+----------+-------------------------------------------
     0 | D:1      | vvl the Draconian Conjurer began the quest for the Orb.
     0 | D:1      | Reached XP level 1. HP: 14/14 MP: 3/3
   575 | D:1      | Reached XP level 2. HP: 20/20 MP: 1/5
   576 | D:1      | You fall into a shaft and drop 1 floor!
  1187 | D:2      | Reached XP level 3. HP: 21/26 MP: 4/6
  1727 | D:3      | Noticed Ijyb
  1750 | D:3      | Killed Ijyb
  1751 | D:3      | Reached XP level 4. HP: 11/33 MP: 4/7
  1760 | D:3      | Slain by an iguana

Illustrated notes

Levels and vault maps discovered:
D:1:      lemuel_arrival_broad_hall, layout_basic
D:2:      layout_basic, hangedman_abyss_or_decor_lesser_grid
D:3:      layout_basic, uniq_ijyb

Skill      XL: |  1 |
---------------+----+-----
Stealth        | 2 |  2.5
Dodging        | 2 |  2.4
Spellcasting   | |  2.5
Conjurations   | |  4.4

Action                   |  1- 3 |  4- 6 || total
-------------------------+-------+-------++-------
Melee: Unarmed           |    19 |       ||    19
       Tailslap          |     1 |       ||     1
       Whip              |    30 |     1 ||    31
 Cast: Magic Dart        |    56 |     7 ||    63
Armor: Skin              |    16 |       ||    16
Dodge: Dodged            |    35 |     5 ||    40
